 Dungeon Crawl Stone Soup version 0.29.1-13-g9f3cf754e1 (webtiles) character file.

Game seed: 12628474448682600310

2331 Peloso the Carver (level 9, -3/79 HPs)
             Began as a Minotaur Fighter on Jan 19, 2023.
             Was a Follower of Okawaru.
             Slain by a spriggan
             ... wielding a +0 trident
              (7 damage)
             ... in a bailey.
             The game lasted 00:15:28 (6928 turns).

Peloso the Carver (Minotaur Fighter)                Turns: 6928, Time: 00:15:29

Health: -3/79      AC: 12    Str: 28    XL:     9   Next: 19%
Magic:  7/8        EV:  6    Int:  5    God:    Okawaru [*.....]
Gold:   229        SH: 14    Dex: 13    Spells: 8/8 levels left

rFire   . . .      SeeInvis .   a - +0 long sword
rCold   . . .      Faith    .   d - +0 tower shield
rNeg    . . .      Spirit   .   F - +0 chain mail
rPois   +          Reflect  .   (helmet restricted)
rElec   .          Harm     .   (no cloak)
rCorr   .          Rampage  .   o - +0 pair of gloves
Will    .....                   (no boots)
Stlth   ..........              (no amulet)
HPRegen 0.23/turn               s - +6 ring of strength
MPRegen 0.11/turn               j - ring of poison resistance

@: no status effects
A: horns 2, retaliatory headbutt
a: Renounce Religion, Heroism


You were in a bailey.
You worshipped Okawaru.
Okawaru was aware of your devotion.
You visited 2 branches of the dungeon, and saw 8 of its levels.
You also visited: Sewer and Bailey.

You collected 301 gold pieces.
You spent 72 gold pieces at shops.

Inventory:

Hand Weapons
 a - a +0 long sword (weapon)
Missiles
 u - a throwing net (quivered)
Armour
 b - a +0 scale mail
 c - a +0 buckler
 d - a +0 tower shield (worn)
 o - a +0 pair of gloves (worn)
 F - a +0 chain mail (worn)
Jewellery
 h - a ring of wizardry
 j - a ring of poison resistance (right hand)
 s - a +6 ring of strength (left hand)
 y - a ring of fire
Wands
 g - a wand of light (14)
 n - a wand of charming (20)
 z - a wand of polymorph (5)
Scrolls
 f - 3 scrolls of immolation {unknown}
 i - a scroll of enchant weapon
 m - a scroll of acquirement
 v - a scroll of teleportation
 w - a scroll of noise
 x - 2 scrolls of butterflies
 A - 2 scrolls of identify
Potions
 e - 3 potions of mutation
 k - 3 potions of magic
 l - a potion of lignification {unknown}
 p - a potion of attraction {unknown}
 q - 2 potions of curing
 r - 2 potions of degeneration {unknown}
 t - 4 potions of flight
 B - a potion of berserk rage {unknown}
 C - 2 potions of might


   Skills:
 + Level 7.1 Fighting
 + Level 9.9 Long Blades
 + Level 7.7 Armour
 + Level 2.9 Dodging
 + Level 0.5 Stealth
 + Level 6.3 Shields


You had 8 spell levels left.
You didn't know any spells.
Your spell library contained the following spells:

 Spells                   Type           Power      Damage    Failure   Level
 Ensorcelled Hibernation  Hex/Ice        0%         N/A       100%        2
 Passwall                 Tmut/Erth      0%         N/A       100%        2
 Static Discharge         Conj/Air       0%         3-3/arc   100%        2
 Swiftness                Air            0%         N/A       100%        3
 Dispel Undead            Necr           0%         3d6       100%        4
 Fulminant Prism          Conj/Hex       0%         3d6       100%        4
 Iskenderun's Mystic Bla  Conj/Tloc      0%         2d3       100%        4
 Sticky Flame             Conj/Fire      0%         2d3       100%        4
 Iskenderun's Battlesphe  Conj           0%         2d6       100%        5
 Lee's Rapid Deconstruct  Erth           0%         3d5*      100%        5
 Iron Shot                Conj/Erth      0%         9d1       100%        6
 Spellforged Servitor     Conj/Summ      Unusable   N/A       N/A         7

Dungeon Overview and Level Annotations

Branches:
Dungeon (7/15)             Temple (1/1) D:6           Sewer (visited)
 Bailey (1/1)

Altars:
Dithmenos
Elyvilon
Hepliaklqana
Okawaru
Uskayaw
Xom
The Shining One

Shops:
D:1 *   D:3 (   D:4 *

Annotations:
D:3 1 runed translucent door, Wanderer2's ghost, amateur OpHW


Innate Abilities, Weirdness & Mutations

You have a pair of horns on your head.
You reflexively headbutt those who attack you in melee.


Message History

The ogre is moderately wounded.
The spriggan shouts!
You block the ogre's attack.
Unknown command.
You hit the ogre but do no damage.
The ogre is moderately wounded.
The ogre hits you but does no damage.
Unknown command.
You hit the ogre. You headbutt the ogre.
The ogre is heavily wounded.
You block the ogre's attack. The ogre closely misses you.
Unknown command.
You hit the ogre.
The ogre is heavily wounded.
You feel like a meek peon again. You block the ogre's attack.
Unknown command.
You hit the ogre but do no damage.
The ogre is heavily wounded.
You block the ogre's attack. x2
You barely miss the ogre.
The ogre is heavily wounded.
You block the ogre's attack. You block the spriggan's attack.
You barely miss the ogre.
The ogre is heavily wounded.
The ogre closely misses you.
The spriggan hits you from afar with a +0 trident.
You block the ogre's attack.
You barely miss the ogre. You headbutt the ogre.
The ogre is heavily wounded.
You block the spriggan's attack.
The ogre hits you from afar with a +0 glaive!!
* * * LOW HITPOINT WARNING * * *
The ogre hits you but does no damage.
You slash the ogre! You headbutt the ogre.
You kill the ogre!
Okawaru accepts your kill.
You can now gain great but temporary skills.
The spriggan hits you from afar with a +0 trident!
You die...

. ### ..
##.## ..#
##...## ..♣
#....@# ..#
##...))###..#
#...∩.iO~~..#
#......~~~..#
#......~~~..#
#......~~~..#
#...∩..~~~..#
##.....###..#
#.....# #..♣


You could see an ogre and a spriggan.

Vanquished Creatures
  A water moccasin (D:5)
  A sky beast (D:7)
  4 ice beasts
  3 ogres
  A centaur (D:6)
  2 phantoms
  A kobold brigand (Sewer)
  A necrophage (D:5)
  4 scorpions
  5 wights (D:7)
  A vampire bat (D:3)
  3 orc priests
  2 hounds
  3 jellies
  5 iguanas
  Natasha (thrice) (D:2)
  2 orc wizards (D:5)
  3 gnolls (D:6)
  3 adders
  2 river rats (Sewer)
  A worm (D:2)
  3 dart slugs
  3 fire bats (D:3)
  5 orcs
  A spectral bat (D:3)
  3 bat skeletons (D:3)
  A bat zombie (D:3)
  4 endoplasms
  3 giant cockroaches
  8 goblins
  6 hobgoblins
  4 jackals
  12 quokkas
  2 ball pythons (D:2)
  15 bats
  A bat simulacrum (D:3)
  2 frilled lizards (D:3)
  10 kobolds
  9 rats
143 creatures vanquished.

Vanquished Creatures (others)
  A spectral bat (D:3)
1 creature vanquished.

Grand Total: 144 creatures vanquished

Notes
Turn   | Place    | Note
-------+----------+-------------------------------------------
     0 | D:1      | Peloso the Minotaur Fighter began the quest for the Orb.
     0 | D:1      | Reached XP level 1. HP: 19/19 MP: 0/0
   283 | D:1      | Found a faded altar of an unknown god.
   297 | D:1      | Reached XP level 2. HP: 24/27 MP: 1/1
   329 | D:1      | You fall into a shaft and drop 1 floor!
   609 | D:1      | Found Fefuziud's General Store.
   756 | D:1      | Reached XP level 3. HP: 33/33 MP: 2/2
  1160 | D:2      | Reached skill level 3 in Long Blades
  1187 | D:2      | Found a shadowy altar of Dithmenos.
  1230 | D:2      | Noticed Natasha
  1242 | D:2      | Killed Natasha
  1484 | D:2      | Reached XP level 4. HP: 40/40 MP: 3/3
  1678 | D:2      | Noticed Natasha
  1686 | D:2      | Killed Natasha
  1815 | D:2      | Noticed Natasha
  1823 | D:2      | Killed Natasha
  1824 | D:2      | Reached skill level 4 in Long Blades
  2218 | D:3      | Reached XP level 5. HP: 34/47 MP: 4/4
  2519 | D:3      | Reached skill level 5 in Long Blades
  2665 | D:3      | Found Cuhejap's Antique Weapon Boutique.
  2695 | D:3      | Noticed Wanderer2's ghost (amateur OpHW)
  2700 | D:3      | Reached XP level 6. HP: 53/53 MP: 5/5
  2702 | D:3      | Found a runed translucent door.
  2892 | D:4      | Reached skill level 5 in Armour
  3077 | D:4      | Reached skill level 1 in Dodging
  3249 | D:4      | Found Weusy's Assorted Antiques.
  3293 | D:4      | Bought a bubbling brown potion for 23 gold pieces
  3293 | D:4      | Bought an emerald potion for 23 gold pieces
  3293 | D:4      | Bought a scroll labelled PULIREFF WENOGH for 26 gold pieces
  3396 | D:5      | Entered Level 5 of the Dungeon
  3401 | D:5      | Reached skill level 5 in Shields
  3409 | D:5      | Reached skill level 5 in Fighting
  3422 | D:5      | Identified a scroll of acquirement
  3483 | D:5      | Found a glowing drain.
  3523 | Sewer    | Entered a sewer
  3748 | Sewer    | Reached skill level 6 in Long Blades
  3748 | Sewer    | Reached XP level 7. HP: 55/61 MP: 6/6
  3804 | Sewer    | Found a white marble altar of Elyvilon.
  4112 | D:5      | Reached skill level 7 in Long Blades
  4379 | D:5      | Reached XP level 8. HP: 64/70 MP: 7/7
  4872 | D:5      | Reached skill level 8 in Long Blades
  5521 | D:6      | Reached skill level 9 in Long Blades
  5739 | D:6      | Found a staircase to the Ecumenical Temple.
  5751 | Temple   | Entered the Ecumenical Temple
  5812 | Temple   | Became a worshipper of Warmaster Okawaru
  6466 | D:6      | Found a white marble altar of Elyvilon.
  6466 | D:6      | Found a hazy altar of Hepliaklqana.
  6466 | D:6      | Found a glowing golden altar of the Shining One.
  6834 | D:7      | Reached XP level 9. HP: 66/79 MP: 8/8
  6867 | D:7      | Reached * piety under Okawaru
  6870 | D:7      | Found a flagged portal.
  6902 | Bailey   | Entered a bailey
  6928 | Bailey   | Slain by a spriggan

Illustrated notes

Levels and vault maps discovered:
D:1:      co_arrival_square_in_a_square_in_a_square, layout_basic,
          dreamdust_ecumenical_altar_angels_and_demons, serial_shops, shop
D:2:      layout_loops_ring, basic_altar, minivault_23, uniq_natasha
D:3:      layout_rooms, hellmonk_ghost_happy_afterlife, serial_shops, shop,
          goddamned_bats
D:4:      layout_basic, serial_shops, nicolae_inconvenience_store
D:5:      layout_loops_ring, portal_sewer_entry_f
D:6:      layout_layer_cave, gammafunk_temple_overflow_claw,
          minmay_temple_entry_proselytizer
D:7:      layout_basic, enter_bailey_2
Temple:   regret_index_temple_mists
Bailey:   bailey_polearm_enchanted_keep_hellmonk, bailey

Skill      XL: |  1  2  3  4  5  6  7  8 |
---------------+-------------------------+-----
Armour         | 4 5 6 7 |  7.7
Shields        | 4 5 6 |  6.3
Long Blades    | 3 4 5 6 7 9 |  9.9
Fighting       | 4 5 7 |  7.1
Dodging        | 1 2 |  2.9
Stealth        | |  0.5

Action                   |  1- 3 |  4- 6 |  7- 9 || total
-------------------------+-------+-------+-------++-------
Melee: Long sword        |    54 |   174 |   198 ||   426
       Headbutt          |     8 |    31 |    44 ||    83
Invok: Heroism           |       |       |     1 ||     1
Evoke: Wand              |       |       |     1 ||     1
  Use: Scroll            |       |     5 |     5 ||    10
       Potion            |       |       |     5 ||     5
Armor: Scale mail        |    20 |   135 |    52 ||   207
       Chain mail        |       |       |     2 ||     2
Dodge: Dodged            |    23 |   101 |   102 ||   226
Block: Buckler           |    10 |    70 |    53 ||   133
       Tower shield      |       |       |    36 ||    36
